 Dungeon Crawl Stone Soup version 0.28-a0-653-g7e9dba17c3 (webtiles) character file.

Game seed: 12055290534247052798

4844 Conn the Arsonist (level 10, -6/60 HPs)
             Began as an Octopode Fire Elementalist on Oct 12, 2021.
             Was a Believer of Sif Muna.
             Mangled by a wraith (10 damage)
             ... led by Josephine
             ... on level 10 of the Dungeon.
             The game lasted 00:26:46 (11893 turns).

Conn the Arsonist (Octopode Fire Elementalist)     Turns: 11893, Time: 00:26:49

Health: -6/60      AC:  1    Str:  7    XL:     10   Next: 49%
Magic:  0/21       EV: 14    Int: 21    God:    Sif Muna [**....]
Gold:   473        SH:  0    Dex: 13    Spells: 11/24 levels left

rFire   + . .      SeeInvis .   b - +0 short sword
rCold   . . .      Faith    .   (no shield)
rNeg    . . .      Spirit   .   (helmet restricted)
rPois   .          Reflect  .   (no amulet)
rElec   .          Harm     .   n - ring of resist corrosion
rCorr   +          Rampage  .   (no ring)
Will    .....                   (no ring)
Stlth   ++++......              (no ring)
HPRegen 0.20/turn               (no ring)
MPRegen 0.17/turn               (no ring)
                                (no ring)
                                (no ring)

@: slowed, very slow
A: almost no armour, amphibious, 8 rings, camouflage 1, gelatinous body 1,
(nimble swimmer 1), tentacles, fire resistance 1
a: Renounce Religion, Channel Magic


You were on level 10 of the Dungeon.
You worshipped Sif Muna.
Sif Muna was pleased with you.
You visited 2 branches of the dungeon, and saw 11 of its levels.
You also visited: Sewer.

You collected 553 gold pieces.
You spent 80 gold pieces at shops.

Inventory:

Hand Weapons
 b - a +0 short sword (weapon)
Missiles
 h - 30 poisoned darts
 r - a curare-tipped dart
Armour
 x - a +0 buckler
Jewellery
 n - a ring of resist corrosion (left tentacle)
Wands
 g - a wand of acid (9)
 A - a wand of charming (5)
Scrolls
 f - 4 scrolls of enchant armour
 i - 4 scrolls of fog
 k - a scroll of blinking
 o - a scroll of noise {unknown}
 t - a scroll of vulnerability {unknown}
 u - a scroll of silence {unknown}
 w - a scroll of immolation {unknown}
 y - a scroll of torment {unknown}
 z - a scroll of amnesia {unknown}
 B - a scroll of teleportation {unknown}
Potions
 a - a potion of haste
 c - 3 potions of invisibility
 d - a potion of might
 e - a potion of curing
 j - a potion of berserk rage
 l - 2 potions of heal wounds
 m - 3 potions of magic {unknown}
 p - a potion of resistance {unknown}
 s - 2 potions of cancellation {unknown}
Miscellaneous
 C - a box of beasts


   Skills:
 + Level 2.0 Fighting
 + Level 2.9 Short Blades
 + Level 3.5 Dodging
 + Level 6.9 Stealth
 + Level 7.5 Spellcasting
 + Level 6.2 Conjurations
 + Level 1.8 Hexes
 + Level 8.1 Fire Magic
 * Level 4.8 Invocations


You had 11 spell levels left.
You knew the following spells:

 Your Spells              Type           Power      Damage    Failure   Level
a - Foxfire               Conj/Fire      100%       2x1d9     1%          1
b - Conjure Flame         Conj/Fire      38%        6-21      1%          3
c - Inner Flame           Hex/Fire       29%        N/A       3%          3
d - Flame Wave            Conj/Fire      38%        3d8       4%          4
e - Scorch                Fire           84%        2d9       1%          2

Your spell library contained the following spells:

 Spells                   Type           Power      Damage    Failure   Level
 Pain                     Necr           28%        1d5       9%          1
 Ensorcelled Hibernation  Hex/Ice        22%        N/A       9%          2
 Tukima's Dance           Hex            15%        N/A       12%         3
 Sublimation of Blood     Necr           3%         N/A       13%         2
 Wereblood                Tmut           7%         N/A       13%         2
 Portal Projectile        Hex/Tloc       22%        N/A       17%         3
 Call Canine Familiar     Summ           7%         N/A       26%         3
 Leda's Liquefaction      Hex/Erth       5%         N/A       50%         4
 Agony                    Necr           7%         N/A       93%         5
 Excruciating Wounds      Necr           3%         N/A       93%         5
 Summon Hydra             Summ           3%         N/A       100%        7


Dungeon Overview and Level Annotations

Branches:
Dungeon (10/15)            Temple (1/1) D:5            Lair (0/6) D:8
    Orc (0/2) D:10          Sewer (visited)

Altars:
Cheibriados
Makhleb
Qazlal
Ru
Sif Muna
Vehumet
Xom
Zin

Shops:
D:7 :(:!


Innate Abilities, Weirdness & Mutations

You cannot wear most types of armour.
You are amphibious.
You can wear up to eight rings at the same time.
Your skin changes colour to match your surroundings (Stealth+).
Your rubbery body absorbs attacks. (AC +1, EV +1)
((You are camouflaged near water. (Stealth+)))
You have tentacles for arms and can constrict up to eight enemies at once.
Your flesh is heat resistant. (rF+)


Message History

Josephine is engulfed in blazing flames.
Flame seeps out of Josephine.
Josephine barely misses you. The wraith closely misses you.
Casting: Flame Wave (dangerous; 4% risk of failure)
Confirm with . or Enter, or press ? or * to list all spells.
Casting: Flame Wave (dangerous; 4% risk of failure)
Press: ? - help, Dir - look around, f - activate A wave of flame ripples out!
The flame wave engulfs Josephine!
Flame seeps out of Josephine.
Josephine is severely wounded.
The flame wave engulfs the wraith.
The wraith is severely damaged. (Press . to intensify the flame waves.) Josephine is engulfed in blazing flames.
Flame seeps out of Josephine.
Josephine closely misses you. The wraith hits you!
Josephine is engulfed in blazing flames.
Flame seeps out of Josephine.
Josephine barely misses you.
Casting: Flame Wave (dangerous; 4% risk of failure)
Confirm with . or Enter, or press ? or * to list all spells.
Okay, then.
Aiming: Corrosive Bolt
Press: ? - help, Shift-Dir - straight line, f - Josephine
Aim: Josephine, wielding a +0 dagger and wearing a +0 robe (almost dead, inner flame, 71% to hit)
The bolt of acid hits Josephine!
The acid corrodes Josephine!
Sif Muna accepts your kill.
Josephine explodes!
The fiery explosion engulfs the wraith!!
You destroy the wraith!
Sif Muna accepts your kill.
The fiery explosion engulfs the wraith!
The wraith is heavily damaged.
The fiery explosion engulfs you!! You resist.
You are engulfed in blazing flames.
You resist.
* * * LOW HITPOINT WARNING * * *
The wraith hits you.
* * * LOW HITPOINT WARNING * * *
The wraith is engulfed in blazing flames.
The wraith hits you!
You die...

# #. #..##########
#...........#####
#..§.@..........# .
#...§WW.........#####.
#..§§§................
........................
.....................###
........#######......#
........#.....#......#
........#.....#......#
#....D+>.....#


You could see 2 wraiths.

Vanquished Creatures
  Josephine (D:10)
  The ghost of Necrophagist the Thaumaturge, a novice DEFE of Vehumet (D:9)
  3 centaur zombies
  A gargoyle (D:10)
  2 hornets
  2 wraiths (D:10)
  A steam dragon (D:7)
  Menkaure (D:4)
  An ice beast (D:8)
  2 black bears (D:6)
  An ogre (D:5)
  4 centaurs
  A phantom (D:7)
  2 kobold brigands (Sewer)
  3 bullfrogs (D:8)
  A wyvern zombie (D:6)
  2 water moccasin zombies
  3 scorpions
  A wyvern skeleton (D:7)
  6 killer bees (D:10)
  4 wights (D:9)
  A bullfrog zombie (D:6)
  2 jellies
  2 orc priests (D:10)
  A hound (D:7)
  2 centaur skeletons
  A bullfrog skeleton (D:5)
  An iguana (D:5)
  4 orc wizards
  A hound skeleton (D:5)
  Robin (D:2)
  A howler monkey zombie (D:9)
  7 adders
  A river rat (Sewer)
  A shadow imp (D:8)
  A white imp (D:5)
  An ufetubus (D:5)
  An adder skeleton (D:4)
  4 worms
  9 dart slugs
  15 orcs
  10 ball pythons
  6 bats
  13 endoplasms
  4 giant cockroaches
  13 goblins
  7 hobgoblins
  A jackal (D:3)
  3 quokkas
  3 frilled lizards
  11 kobolds
  6 rats
177 creatures vanquished.

Vanquished Creatures (others)
  An orc wizard (D:10)
  599 foxfires
600 creatures vanquished.

Grand Total: 777 creatures vanquished

Notes
Turn   | Place    | Note
-------+----------+-------------------------------------------
     0 | D:1      | Conn the Octopode Fire Elementalist began the quest for the
                  | Orb.
     0 | D:1      | Reached XP level 1. HP: 11/11 MP: 3/3
   151 | D:1      | Reached XP level 2. HP: 10/17 MP: 3/5
   458 | D:1      | Found a faded altar of an unknown god.
   758 | D:1      | Reached XP level 3. HP: 21/21 MP: 4/6
  1194 | D:2      | Noticed Robin
  1532 | D:2      | Killed Robin
  1533 | D:2      | Reached skill level 4 in Fire Magic
  1533 | D:2      | Reached XP level 4. HP: 27/27 MP: 4/7
  1869 | D:2      | Found a glowing silver altar of Zin.
  2255 | D:3      | Reached skill level 1 in Short Blades
  2582 | D:3      | Reached XP level 5. HP: 26/31 MP: 3/9
  3559 | D:3      | Learned a level 3 spell: Conjure Flame
  3563 | D:3      | Learned a level 3 spell: Inner Flame
  3601 | D:4      | Noticed Menkaure
  3609 | D:4      | Killed Menkaure
  3610 | D:4      | Reached XP level 6. HP: 36/36 MP: 2/11
  3760 | D:4      | Noticed a steam dragon
  3834 | D:4      | Learned a level 4 spell: Flame Wave
  4170 | D:5      | Entered Level 5 of the Dungeon
  4516 | D:5      | Reached XP level 7. HP: 21/42 MP: 6/12
  4881 | D:5      | Reached skill level 5 in Fire Magic
  4911 | D:5      | Found a staircase to the Ecumenical Temple.
  4935 | Temple   | Entered the Ecumenical Temple
  4941 | Temple   | Became a worshipper of Sif Muna the Loreminder
  5101 | D:5      | Found a sacrificial altar of Ru.
  5401 | D:5      | Learned a level 2 spell: Scorch
  5460 | D:5      | Gained mutation: Your muscles are strong. (Str +2) [potion
                  | of mutation]
  5460 | D:5      | Gained mutation: Your magical capacity is low. (-10% MP)
                  | [potion of mutation]
  5461 | D:5      | Lost mutation: Your magical capacity is low. (-10% MP)
                  | [potion of mutation]
  5461 | D:5      | Lost mutation: Your muscles are strong. (Str +2) [potion of
                  | mutation]
  5461 | D:5      | Gained mutation: Your magical capacity is low. (-10% MP)
                  | [potion of mutation]
  5461 | D:5      | Gained mutation: You are partially covered in iridescent
                  | scales. (AC +2) [potion of mutation]
  5461 | D:5      | Gained mutation: You occasionally shout uncontrollably at
                  | your foes. [potion of mutation]
  5581 | D:6      | Reached skill level 5 in Stealth
  5689 | D:6      | Reached skill level 1 in Fighting
  5689 | D:6      | Reached XP level 8. HP: 23/48 MP: 3/13
  5785 | D:6      | Reached skill level 6 in Fire Magic
  5874 | D:6      | Found a glowing drain.
  5879 | Sewer    | Entered a sewer
  5913 | Sewer    | Reached skill level 5 in Spellcasting
  5954 | Sewer    | Lost mutation: You are partially covered in iridescent
                  | scales. (AC +2) [potion of mutation]
  5954 | Sewer    | Lost mutation: Your magical capacity is low. (-10% MP)
                  | [potion of mutation]
  5954 | Sewer    | Lost mutation: You occasionally shout uncontrollably at
                  | your foes. [potion of mutation]
  5954 | Sewer    | Gained mutation: Your flesh is heat resistant. (rF+)
                  | [potion of mutation]
  6109 | Sewer    | Reached * piety under Sif Muna
  6564 | D:6      | Found a burning altar of Makhleb.
  6643 | D:6      | Found a glowing silver altar of Zin.
  6643 | D:6      | Noticed an angel
  6741 | D:6      | Found a radiant altar of Vehumet.
  6793 | D:6      | Reached skill level 5 in Conjurations
  6875 | D:6      | Found a shimmering altar of Xom.
  7192 | D:7      | Found a snail-covered altar of Cheibriados.
  7275 | D:7      | Found Imiloskim's Antique Weapon Shop.
  7289 | D:7      | Found Moery's Book Boutique.
  7304 | D:7      | Reached skill level 1 in Invocations
  7304 | D:7      | Reached XP level 9. HP: 46/53 MP: 9/17
  7547 | D:7      | Noticed a hornet
  7560 | D:7      | Killed a hornet
  7611 | D:7      | Found Dikunide's Book Boutique.
  7840 | D:7      | Found Juymott's Distillery.
  8078 | D:7      | Bought a potion of heal wounds for 50 gold pieces
  8078 | D:7      | Bought a potion of lignification for 30 gold pieces
  8466 | D:8      | Reached skill level 7 in Fire Magic
  9067 | D:8      | Found a staircase to the Lair.
  9324 | D:9      | Reached skill level 1 in Hexes
  9814 | D:9      | Noticed a hornet
  9823 | D:9      | Killed a hornet
  9977 | D:9      | Found a stormy altar of Qazlal.
 10048 | D:9      | Found a runed translucent gate.
 10049 | D:9      | Found a runed translucent gate.
 10050 | D:9      | Found a runed translucent gate.
 10050 | D:9      | Noticed Necrophagist's ghost (novice DEFE)
 10672 | D:10     | Entered Level 10 of the Dungeon
 10672 | D:10     | Noticed a gargoyle
 10832 | D:9      | Killed Necrophagist's ghost
 10833 | D:9      | Reached XP level 10. HP: 53/60 MP: 0/20
 11271 | D:10     | Found a staircase to the Orcish Mines.
 11331 | D:10     | Killed a gargoyle
 11332 | D:10     | Reached skill level 8 in Fire Magic
 11528 | D:10     | Reached ** piety under Sif Muna
 11528 | D:10     | Noticed a seven-headed hydra
 11534 | D:10     | HP: 4/90 [seven-headed hydra (9)]
 11883 | D:10     | Noticed Josephine
 11893 | D:10     | Killed Josephine
 11893 | D:10     | Mangled by a wraith

Illustrated notes

Levels and vault maps discovered:
D:1:      lightli_iron_boxes, layout_loops_ring, basic_ecumenical_altar,
          kennysheep_pointless_box
D:2:      layout_basic, basic_altar, uniq_robin
D:3:      kennysheep_six_static_rooms, layout_basic
D:4:      layout_basic, mainiacjoe_overflow_brackets, uniq_menkaure
D:5:      layout_loops_ring, nicolae_ru_awakened_eye, temple_pool_b
D:6:      layout_basic, mainiacjoe_overflow_catwalk,
          nicolae_vehumet_altar_sigil, mainiacjoe_overflow_alcove_4, zin_angel,
          portal_sewer_entry_e, minmay_misc_feat_diagonals, serial_bayou_pond_e,
          kennysheep_generic_room_6
D:7:      layout_basic, amcnicky_altar_gilded, serial_shops, shop,
          nicolae_square_shop, shop, nicolae_shop_temple_entry_statues_fountains
D:8:      layout_loops_ring, lair_entry_dummy, chequers_arboretum,
          chequers_serial_rivers_micro_c
D:9:      layout_long_grid, nicolae_qazlal_style_of_elements,
          ebering_ghost_rock_garden, lemuel_flame_loot_1
D:10:     layout_irregular_city, mainiacjoe_overflow_cross_hatched, orc_0_dummy,
          minmay_misc_feat_enclosed, uniq_josephine
Temple:   dshaligram_water_room_temple

Skill      XL: |  1  2  3  4  5  6  7  8  9 10 |
---------------+-------------------------------+-----
Stealth        | 3 4 5 6 |  6.9
Fire Magic     | 4 5 6 7 8 |  8.1
Short Blades   | 1 2 |  2.9
Spellcasting   | 3 4 5 7 |  7.5
Conjurations   | 2 3 5 6 |  6.2
Fighting       | 1 2 |  2.0
Dodging        | 3 |  3.5
Invocations    | 1 4 |  4.8
Hexes          | 1 |  1.8

Action                   |  1- 3 |  4- 6 |  7- 9 | 10-12 || total
-------------------------+-------+-------+-------+-------++-------
Melee: Short sword       |    21 |    36 |    41 |     1 ||    99
       Constrict         |     6 |     7 |     8 |       ||    21
       Unarmed           |     4 |       |       |       ||     4
       Tentacles         |     3 |     4 |    10 |     1 ||    18
 Cast: Foxfire           |    41 |   100 |   164 |    36 ||   341
       Conjure Flame     |       |     1 |     5 |       ||     6
       Inner Flame       |       |     1 |    13 |     4 ||    18
       Scorch            |       |       |    11 |     9 ||    20
       Flame Wave        |       |       |     2 |     5 ||     7
Evoke: Wand              |       |       |       |     1 ||     1
  Use: Potion            |       |     2 |     4 |     3 ||     9
       Scroll            |       |       |     7 |     1 ||     8
 Stab: Sleeping          |     3 |     9 |     6 |       ||    18
Armor: Skin              |       |     2 |    11 |    25 ||    38
Dodge: Dodged            |    14 |    25 |    65 |    22 ||   126

Table legend: (Time is in decaauts)
 A = Elapsed time spent in this place.
 B = Non-inter-level travel time spent in this place.
 C = Inter-level travel time spent in this place.
 D = Time resting spent in this place.
 E = Time spent auto-exploring this place.
 F = Levels seen in this place.
 G = Mean time per level.
                   A        B        C        D        E       F      G
               +--------+--------+--------+--------+--------+-----+--------+
         Total |  11913 |  11754 |    159 |   1394 |   8062 |  12 |  992.8 |
       Dungeon |  11436 |  11277 |    159 |   1371 |   7827 |  10 | 1143.6 |
        Temple |     12 |     12 |      0 |      0 |      0 |   1 |   12.0 |
         Sewer |    464 |    464 |      0 |     23 |    235 |   1 |  464.0 |
               +--------+--------+--------+--------+--------+-----+--------+

Top non-repeatable levels by time:
     D:9: 1950 daAuts
     D:1: 1456 daAuts
     D:3: 1373 daAuts
     D:5: 1300 daAuts
     D:6: 1258 daAuts
     D:8: 1004 daAuts
     D:7: 1001 daAuts
     D:2: 760 daAuts
    D:10: 746 daAuts
     D:4: 583 daAuts
   Sewer: 464 daAuts
  Temple: 12 daAuts
